 Dungeon Sprint DCSS version 0.30-a0-414-gcb316572d5 (webtiles) character file.

Game seed: 16079582733473051739

7464 rocky1 the Impaler (level 11, 0/98 HPs)
             Began as a Formicid Fighter on Dec 8, 2022.
             Was a High Priest of Okawaru.
             Slain by a catoblepas (23 damage)
             ... in the Dungeon (Sprint VII: "The Pits").
             The game lasted 00:06:07 (2162 turns).

rocky1 the Impaler (Formicid Fighter)               Turns: 2162, Time: 00:06:07

Health: 0/98       AC: 21    Str: 25    XL:     11   Next: 37%
Magic:  15/16      EV: 15    Int: 11    God:    Okawaru [*****.]
Gold:   0          SH:  9    Dex: 16    Spells: 10/10 levels left

rFire   . . .      SeeInvis +    q - +2 halberd (protect)
rCold   . . .      Faith    .    c - +0 buckler
rNeg    . . .      Spirit   .    w - +4 scale mail {Will+}
rPois   .          Reflect  .    (helmet unavailable)
rElec   .          Harm     .    (no cloak)
rCorr   .          Rampage  .    (no gloves)
Will    ++...                    (no boots)
Stlth   +++.......               (no amulet)
HPRegen 0.36/turn                m - +3 ring of dexterity
MPRegen 0.15/turn                n - +3 ring of intelligence

@: heroic, under a protective aura
A: permanent stasis, dig shafts and tunnels, antennae 3, four strong arms
a: Dig, Renounce Religion, Heroism, Finesse


You were in the Dungeon.
You worshipped Okawaru.
Okawaru was extremely pleased with you.
You visited 1 branch

Inventory:

Hand Weapons
 a - a +0 trident
 j - a +2 trident
 k - a +2 vorpal trident
 q - a +2 halberd of protection (weapon)
 s - a +0 lajatang of electrocution
Missiles
 t - 3 throwing nets
 u - 4 poisoned darts
 v - 7 javelins
Armour
 b - a +0 scale mail
 c - a +0 buckler (worn)
 r - a +3 plate armour
 w - a +4 scale mail of willpower (worn)
Jewellery
 m - a +3 ring of dexterity (left hand)
 n - a +3 ring of intelligence (right hand)
Scrolls
 i - 5 scrolls of amnesia
Potions
 d - a potion of might
 e - 5 potions of curing
 f - 10 potions of heal wounds
 g - 4 potions of magic
 h - 2 potions of invisibility
 l - a potion of flight {unknown}
 o - 2 potions of mutation
 p - a potion of brilliance


   Skills:
 + Level 13.4(18.4) Fighting
 + Level 17.5(22.5) Polearms
 + Level 10.9(15.9) Armour
 + Level 5.3(10.3) Dodging
 + Level 3.5(8.5) Stealth
 + Level 13.1(18.1) Shields
 - Level 7.7 Invocations


You had 10 spell levels left.
You didn't know any spells.
Your spell library was empty.

Dungeon Overview and Level Annotations

Branches:
Dungeon (1/1)

Altars:
Ashenzari
Cheibriados
Dithmenos
Elyvilon
Fedhas
Gozag
Hepliaklqana
Kikubaaqudgha
Makhleb
Nemelex Xobeh
Okawaru
Qazlal
Ru
Sif Muna
Trog
Uskayaw
Vehumet
Wu Jian
Xom
Yredelemnul
Zin
The Shining One
Jiyva
Lugonu


Innate Abilities, Weirdness & Mutations

You cannot be hasted, slowed, berserked, paralysed or teleported.
You can dig through walls and to a lower floor.
You have a pair of large antennae on your head. (SInv)
Your four strong arms can wield two-handed weapons with a shield.


Message History

The catoblepas is lightly wounded.
You block the catoblepas's attack.
You hit the catoblepas but do no damage.
The catoblepas is lightly wounded.
The catoblepas gores you!
You hit the catoblepas.
The catoblepas is lightly wounded.
You block the ice beast's attack. The catoblepas gores you!
You gain the combat prowess of a mighty hero.
The ice beast hits you but does no damage.
The catoblepas closely misses you.
You slice the catoblepas!!
The catoblepas is moderately wounded.
You impale the catoblepas!!
The catoblepas is severely wounded.
The catoblepas breathes a plume of calcifying dust at you.
The blast of calcifying dust hits you but does no damage.
The ice beast misses you. The catoblepas gores you.
The ice beast closely misses you.
You puncture the ice beast!
The ice beast is moderately wounded.
The catoblepas gores you. You block the ice beast's attack.
You slash the ice beast!
The ice beast is almost dead.
You slash the ice beast!
You kill the ice beast!
Okawaru accepts your kill.
The catoblepas roars fiercely, eyes lowered.
The catoblepas breathes a plume of calcifying dust at you.
The blast of calcifying dust hits you but does no damage.
You hit the catoblepas.
The catoblepas is severely wounded.
The catoblepas breathes a plume of calcifying dust at you.
The blast of calcifying dust hits you but does no damage.
The catoblepas gores you!
* * * LOW HITPOINT WARNING * * *
You hit the catoblepas.
The catoblepas is severely wounded.
The catoblepas gores you!!
You die...

.#......# {{ {{
.†......# #†'######
#''############## #####
#......#...'..§.###...#
#....###...###.§.#...# {
{ #...##.+...'.##.§...#
#..##..##†##..##§Y§##
#..#..##...##..'@..#
#..#..#[....#..#...#
#..'.)+.....'..'...'..
#..#.÷#.....#..#...#....
#..#..##...##..'...#....
#†)##.)##'##..##...# ..#
#...##)'[..'.# ..... ###
#....###)..### ..#...
#......#...'...


You could see a catoblepas.

Vanquished Creatures
  An eidolon (D)
  Harold (D)
  Urug (D)
  A vampire mage (D)
  A bog body (D)
  An orc sorcerer (D)
  A smoke demon (D)
  A molten gargoyle (D)
  A komodo dragon (D)
  A demonic crawler (D)
  An ice devil (D)
  Prince Ribbit (D)
  A wyvern (D)
  6 yaks (D)
  A basilisk (D)
  3 vampire mosquitoes (D)
  A redback (D)
  Edmund (D)
  An acid dragon (D)
  4 ice beasts (D)
  An ogre (D)
  4 wolves (D)
  A kobold brigand (D)
  Blork the orc (D)
  A gnoll bouda (D)
  An iguana (D)
  An orc wizard (D)
  An adder (D)
  4 gnolls (D)
  A river rat (D)
  An adder skeleton (D)
  A bat (D)
  A bat skeleton (D)
  A bat zombie (D)
  2 endoplasms (D)
  A hobgoblin (D)
  6 jackals (D)
  A kobold (D)
  A quokka (D)
  A quokka zombie (D)
  A rat (D)
63 creatures vanquished.

Notes
Turn   | Place    | Note
-------+----------+-------------------------------------------
     0 | D        | rocky1 the Formicid Fighter began the quest for the Orb.
     0 | D        | Reached XP level 1. HP: 18/18 MP: 1/1
    19 | D        | Found a bloodstained altar of Trog.
    19 | D        | Found a shimmering blue altar of Sif Muna.
    19 | D        | Found a viscous altar of Jiyva.
    19 | D        | Found a hazy altar of Hepliaklqana.
    19 | D        | Found an opulent altar of Gozag.
    20 | D        | Found a glowing golden altar of the Shining One.
    20 | D        | Found a glowing silver altar of Zin.
    20 | D        | Found a basalt altar of Yredelemnul.
    20 | D        | Found a shimmering altar of Xom.
    20 | D        | Found an ornate altar of the Wu Jian Council.
    20 | D        | Found a sacrificial altar of Ru.
    20 | D        | Found a stormy altar of Qazlal.
    20 | D        | Found an iron altar of Okawaru.
    20 | D        | Found a sparkling altar of Nemelex Xobeh.
    20 | D        | Found a burning altar of Makhleb.
    20 | D        | Found a blossoming altar of Fedhas.
    20 | D        | Found a white marble altar of Elyvilon.
    20 | D        | Found a shadowy altar of Dithmenos.
    20 | D        | Found a snail-covered altar of Cheibriados.
    23 | D        | Found a corrupted altar of Lugonu.
    23 | D        | Found a radiant altar of Vehumet.
    24 | D        | Found an ancient bone altar of Kikubaaqudgha.
    24 | D        | Found a hide-covered altar of Uskayaw.
    24 | D        | Found a broken altar of Ashenzari.
    28 | D        | Became a worshipper of Warmaster Okawaru
    89 | D        | Reached skill level 5 in Shields
    89 | D        | Reached XP level 2. HP: 24/25 MP: 2/2
    99 | D        | Noticed an ice beast
   105 | D        | Reached XP level 3. HP: 30/31 MP: 3/3
   118 | D        | Killed an ice beast
   118 | D        | Reached * piety under Okawaru
   119 | D        | Reached skill level 4 in Polearms
   119 | D        | Reached skill level 1 in Dodging
   119 | D        | Reached XP level 4. HP: 11/40 MP: 4/4
   119 | D        | Reached XP level 5. HP: 12/46 MP: 5/5
   458 | D        | Noticed Blork the orc
   477 | D        | Killed Blork the orc
   478 | D        | Reached skill level 5 in Polearms
   478 | D        | Reached XP level 6. HP: 45/53 MP: 3/6
   483 | D        | Reached skill level 6 in Polearms
   510 | D        | Reached skill level 1 in Invocations
   512 | D        | Noticed an orc sorcerer
   528 | D        | Killed an orc sorcerer
   528 | D        | Reached ** piety under Okawaru
   528 | D        | Reached *** piety under Okawaru
   529 | D        | Reached skill level 9 in Polearms
   529 | D        | Reached skill level 5 in Invocations
   529 | D        | Reached XP level 7. HP: 30/62 MP: 6/11
   738 | D        | Noticed Edmund
   743 | D        | Reached XP level 8. HP: 41/69 MP: 12/12
   747 | D        | Killed Edmund
   748 | D        | Reached skill level 10 in Polearms
   748 | D        | Reached skill level 1 in Stealth
   748 | D        | Reached skill level 10 in Shields
   756 | D        | HP: 1/69 [ice beast (10)]
   894 | D        | Noticed a yak
   894 | D        | Noticed a yak
   894 | D        | Noticed a yak
   894 | D        | Noticed a yak
   894 | D        | Noticed a yak
   894 | D        | Noticed an ice devil
   894 | D        | Noticed a yak
   903 | D        | Killed a yak
   919 | D        | Killed a yak
   919 | D        | Reached **** piety under Okawaru
   920 | D        | Reached skill level 11 in Polearms
   927 | D        | Reached XP level 9. HP: 61/77 MP: 13/13
   934 | D        | Reached skill level 12 in Polearms
   947 | D        | Killed an ice devil
   948 | D        | Reached skill level 10 in Fighting
   948 | D        | Reached skill level 13 in Polearms
   950 | D        | Reached ***** piety under Okawaru
  1384 | D        | Noticed Harold
  1402 | D        | Killed Harold
  1403 | D        | Reached skill level 14 in Polearms
  1403 | D        | Reached skill level 5 in Dodging
  1403 | D        | Reached XP level 10. HP: 41/87 MP: 12/14
  1566 | D        | Noticed a komodo dragon
  1572 | D        | Killed a komodo dragon
  1610 | D        | Reached skill level 15 in Polearms
  1723 | D        | Noticed a demonic crawler
  1728 | D        | Noticed Urug
  1729 | D        | Noticed a vampire mage
  1729 | D        | Noticed a bog body
  1742 | D        | Killed a demonic crawler
  1742 | D        | Identified the +1 ring mail "Udats" {Rampage rPois Str-3}
                  | (Okawaru gifted it to you in the Dungeon)
  1742 | D        | Received a gift from Okawaru
  1743 | D        | Noticed an eidolon
  1754 | D        | Killed a bog body
  1755 | D        | Reached skill level 10 in Armour
  1761 | D        | Noticed a smoke demon
  1762 | D        | Killed a vampire mage
  1763 | D        | Reached skill level 16 in Polearms
  1780 | D        | Killed Urug
  1781 | D        | Reached XP level 11. HP: 17/96 MP: 10/16
  1798 | D        | Killed an eidolon
  1805 | D        | Reached skill level 17 in Polearms
  2134 | D        | Noticed Prince Ribbit
  2142 | D        | Killed Prince Ribbit
  2144 | D        | Noticed a catoblepas
  2162 | D        | Slain by a catoblepas

Illustrated notes

Levels and vault maps discovered:
D:        pitsprint [storerooms_1, entrance_room_1, metal_vault_6, armoury_1,
          mini_pit_1, grid_room_1, main_hall_1, silver_pit, the_coven_1,
          the_vestibule_1, steel_vault_2, golden_pit, hallway_of_sentries,
          crystal_vault_2, iron_vault_4, final_vault]

Skill      XL: |  1  2  3  4  5  6  7  8  9 10 11 |
---------------+----------------------------------+-----
Fighting       | 4 6 8 9 11 12 13 | 13.4
Armour         | 4 6 7 8 9 10 | 10.9
Shields        | 5 7 8 9 10 11 12 13 | 13.1
Polearms       | 4 5 9 11 14 16 17 | 17.5
Dodging        | 1 2 3 4 5 |  5.3
Invocations    | 5 6 7 |  7.7
Stealth        | 2 3 |  3.5

Action                   |  1- 3 |  4- 6 |  7- 9 | 10-12 || total
-------------------------+-------+-------+-------+-------++-------
Melee: Trident           |    44 |    38 |    75 |       ||   157
       Halberd           |       |       |    27 |   138 ||   165
Invok: Heroism           |       |     1 |     2 |     2 ||     5
       Finesse           |       |       |       |     1 ||     1
 Abil: Dig               |       |       |       |     1 ||     1
  Use: Potion            |       |     2 |     3 |     1 ||     6
Armor: Scale mail        |    21 |     2 |    11 |    19 ||    53
       Plate armour      |       |       |    16 |    26 ||    42
Dodge: Dodged            |    14 |    13 |    26 |    27 ||    80
Block: Buckler           |    14 |     9 |    16 |    37 ||    76

Table legend: (Time is in decaauts)
 A = Elapsed time spent in this place.
 B = Non-inter-level travel time spent in this place.
 C = Inter-level travel time spent in this place.
 D = Time resting spent in this place.
 E = Time spent auto-exploring this place.
 F = Levels seen in this place.
 G = Mean time per level.
                   A        B        C        D        E       F      G
               +--------+--------+--------+--------+--------+-----+--------+
         Total |   2078 |   2012 |     66 |   1417 |      0 |   1 | 2078.0 |
       Dungeon |   2078 |   2012 |     66 |   1417 |      0 |   1 | 2078.0 |
               +--------+--------+--------+--------+--------+-----+--------+

Top non-repeatable levels by time:
       D: 2078 daAuts
